 Dungeon Crawl Stone Soup version 0.28-a0-1638-g9123634e07 (webtiles) character file.

Game seed: 8747951350389755886

40 TrogsFancyHat the Digger (level 3, -6/21 HPs)
             Began as an Octopode Earth Elementalist on Jan 25, 2022.
             Mangled by Sigmund (13 damage)
             ... on level 2 of the Dungeon.
             The game lasted 00:04:28 (1680 turns).

TrogsFancyHat the Digger (OpEE)                     Turns: 1680, Time: 00:04:28

Health: -6/21      AC:  1    Str:  7    XL:     3   Next: 50%
Magic:  3/6        EV: 13    Int: 19    God:
Gold:   87         SH:  0    Dex: 12    Spells: 0/6 levels left

rFire   . . .      SeeInvis .   h - +0 short sword
rCold   . . .      Faith    .   (no shield)
rNeg    . . .      Spirit   .   (helmet restricted)
rPois   .          Reflect  .   (no amulet)
rElec   .          Harm     .   (no ring)
rCorr   .          Rampage  .   (no ring)
Will    .....                   (no ring)
Stlth   +++.......              (no ring)
HPRegen 0.07/turn               (no ring)
MPRegen 0.10/turn               (no ring)
                                (no ring)
                                (no ring)

@: no status effects
A: almost no armour, amphibious, 8 rings, camouflage 1, gelatinous body 1,
(nimble swimmer 1), tentacles
a: no special abilities


You were on level 2 of the Dungeon.
You visited 1 branch of the dungeon, and saw 2 of its levels.

You collected 87 gold pieces.

Inventory:

Hand Weapons
 h - a +0 short sword (weapon)
Missiles
 b - 18 stones
Jewellery
 i - a ring of ice
Scrolls
 a - 2 scrolls of enchant weapon {unknown}
 f - a scroll of enchant armour {unknown}
Potions
 c - a potion of invisibility {unknown}
 d - a potion of mutation {unknown}
 e - a potion of heal wounds {unknown}
 g - a potion of degeneration {unknown}
 j - a potion of haste {unknown}


   Skills:
 - Level 0.6 Short Blades
 - Level 2.3 Dodging
 - Level 2.9 Stealth
 + Level 2.2 Spellcasting
 + Level 0.4 Conjurations
 - Level 1.0 Transmutations
 + Level 3.6 Earth Magic


You couldn't memorise any spells.
You knew the following spells:

 Your Spells              Type           Power      Damage    Failure   Level
a - Sandblast             Erth           32%        2d9       3%          1
b - Passwall              Tmut/Erth      9%         N/A       10%         2
c - Stone Arrow           Conj/Erth      20%        3d8       22%         3

Your spell library contained the following spells:

 Spells                   Type           Power      Damage    Failure   Level
 Petrify                  Tmut/Erth      11%        N/A       54%         4


Dungeon Overview and Level Annotations

Branches:
Dungeon (2/15)

Altars:

Annotations:
D:2 Sigmund


Innate Abilities, Weirdness & Mutations

You cannot wear most types of armour.
You are amphibious.
You can wear up to eight rings at the same time.
Your skin changes colour to match your surroundings (Stealth+).
Your rubbery body absorbs attacks. (AC +1, EV +1)
((You are camouflaged when in or above water. (Stealth+)))
You have tentacles for arms and can constrict up to eight enemies at once.


Message History

There is an open door here.
Found a stone staircase leading up.
Sigmund the Dreaded comes into view.
He is wielding a +0 scythe and wearing a +1 robe of the Archmagi.
Sigmund is nearby!
Sigmund is nearby!
Sigmund is nearby!
Press: ? - help, v - describe, . - travel
Here: Sigmund, wielding a +0 scythe and wearing a +1 robe of the Archmagi (asleep)
The floor.
Unknown command.
Annotate which branch? (. - D:2, ? - help, ! - show branch list)
Okay, then.
Unknown command.
Casting: Sandblast (safe; 3% risk of failure)
Confirm with . or Enter, or press ? or * to list all spells.
Aiming: Sandblast (safe; 3% risk of failure)
Press: ? - help, Shift-Dir - straight line, f - Sigmund
Aim: Sigmund, wielding a +0 scythe and wearing a +1 robe of the Archmagi (asleep, 100% to hit)
The blast of sand hits Sigmund.
Sigmund is moderately wounded.
Sigmund shouts!
Casting: Sandblast (safe; 3% risk of failure)
Confirm with . or Enter, or press ? or * to list all spells.
Aiming: Sandblast (safe; 3% risk of failure)
Press: ? - help, Shift-Dir - straight line, f/p - Sigmund
Aim: Sigmund, wielding a +0 scythe and wearing a +1 robe of the Archmagi (moderately wounded, 77% to hit)
The blast of sand hits Sigmund!
Sigmund is heavily wounded.
Sigmund hits you from afar with a +0 scythe!
Ouch! That really hurt!
Casting: Sandblast (safe; 3% risk of failure)
Confirm with . or Enter, or press ? or * to list all spells.
Aiming: Sandblast (safe; 3% risk of failure)
Press: ? - help, Shift-Dir - straight line, f/p - Sigmund
Aim: Sigmund, wielding a +0 scythe and wearing a +1 robe of the Archmagi (heavily wounded, 77% to hit)
The blast of sand hits Sigmund.
Sigmund is severely wounded.
Sigmund hits you from afar with a +0 scythe!
Ouch! That really hurt!
You die...

#.#.#.####.........#.#
##...<...+.........'..
##...####.........#.#
#..## ##†......##.#
#.### ##.....###.#
#...# ##...## #.#
###@# ##'#####..
#.########......##
###@##.....#..###.##
#......###.#........
#......###....###.##
#..............##.#
#......###........#
#......###.#.######
######<....### #######


You could see Sigmund.

Vanquished Creatures
  An adder (D:2)
  A ball python (D:1)
  3 bats (D:1)
  5 endoplasms
  6 goblins (D:1)
  3 hobgoblins
  A quokka (D:1)
  A frilled lizard (D:1)
  A kobold (D:2)
  6 rats
28 creatures vanquished.

Notes
Turn   | Place    | Note
-------+----------+-------------------------------------------
     0 | D:1      | TrogsFancyHat the Octopode Earth Elementalist began the
                  | quest for the Orb.
     0 | D:1      | Reached XP level 1. HP: 11/11 MP: 3/3
   147 | D:1      | Reached XP level 2. HP: 16/17 MP: 5/5
   181 | D:1      | Found a faded altar of an unknown god.
  1037 | D:1      | Reached XP level 3. HP: 14/21 MP: 6/6
  1448 | D:2      | Learned a level 2 spell: Passwall
  1452 | D:2      | Learned a level 3 spell: Stone Arrow
  1676 | D:2      | Noticed Sigmund
  1680 | D:2      | Mangled by Sigmund

Illustrated notes

Levels and vault maps discovered:
D:1:      sevenhm_arrival_forest_fort_small_6, layout_loops_ring,
          hellmonk_ecumenical_altar_pennies_from_heaven,
          chequers_serial_rivers_marsh
D:2:      layout_loops_corners, uniq_sigmund

Action                   || total
-------------------------++-------
Melee: Dagger            ||    29
       Constrict         ||     5
       Tentacles         ||     2
       Short sword       ||     4
 Cast: Sandblast         ||    21
 Stab: Sleeping          ||     8
Armor: Skin              ||     4
Dodge: Dodged            ||    19

Table legend: (Time is in decaauts)
 A = Elapsed time spent in this place.
 B = Non-inter-level travel time spent in this place.
 C = Inter-level travel time spent in this place.
 D = Time resting spent in this place.
 E = Time spent auto-exploring this place.
 F = Levels seen in this place.
 G = Mean time per level.
                   A        B        C        D        E       F      G
               +--------+--------+--------+--------+--------+-----+--------+
         Total |   1678 |   1670 |      8 |      0 |   1393 |   2 |  839.0 |
       Dungeon |   1678 |   1670 |      8 |      0 |   1393 |   2 |  839.0 |
               +--------+--------+--------+--------+--------+-----+--------+

Top non-repeatable levels by time:
     D:1: 1443 daAuts
     D:2: 235 daAuts
